 Dungeon Crawl Stone Soup version 0.20.1-1-g8b1a95d (webtiles) character file.

392710 panurg the Warrior (level 22, -20/206 HPs)
             Began as a Minotaur Gladiator on Sept 11, 2017.
             Was a High Priest of Okawaru.
             Collided with a metal wall (52 damage)
             ... caused by an ancient lich
             ... on level 4 of the Vaults on Sept 12, 2017.
             The game lasted 04:40:38 (57538 turns).

panurg the Warrior (Minotaur Gladiator)            Turns: 57538, Time: 04:40:39

Health: -20/206    AC: 20    Str: 23    XL:     22   Next: 12%
Magic:  31/32      EV: 32    Int:  9    God:    Okawaru [*****.]
Gold:   4734       SH:  0    Dex: 26    Spells: 18/21 levels left

rFire    . . .     SeeInvis +   d - +10 lajatang "Waidgh" {slice, +Inv rC+ SInv}
rCold    + + .     Gourm    .   (shield currently unavailable)
rNeg     + + .     Faith    +   L - +2 ring mail of Music {+Blink rC+ rN++}
rPois    +         Spirit   .   M - +1 hat of the First Shrikes {rPois MR++ Int+4}
rElec    .         Reflect  .   D - scarf {cloud immunity}
rCorr    .         Harm     .   G - +1 pair of gloves {Dex+3}
MR       +++..                  m - +2 pair of boots {Fly}
Stlth    +++.......             y - amulet of faith
Regen    0.5/turn               h - +5 ring of dexterity
MPRegen  0.3/turn               J - +5 ring of slaying

@: about to teleport, heroism, finesse, flying, slowed, very slow
A: retaliatory headbutt, horns 2
}: 2/15 runes: decaying, serpentine
a: Heroism, Finesse, Renounce Religion, Evoke Blink, Evoke Invisibility, Stop
Flying


You were on level 4 of the Vaults.
You worshipped Okawaru.
Okawaru was extremely pleased with you.
You were not hungry.

You visited 7 branches of the dungeon, and saw 37 of its levels.
You also visited: Labyrinth and Ossuary.

You collected 4974 gold pieces.
You spent 240 gold pieces at shops.

Inventory:

Hand Weapons
 d - the +10 lajatang "Waidgh" (weapon) {slice, +Inv rC+ SInv}
   (Okawaru gifted it to you on level 4 of the Vaults)

   It inflicts extra damage upon your enemies.
   It protects you from cold.
   It lets you see invisible.
   It lets you turn invisible.
 O - a +2 lajatang of speed
Armour
 m - a +2 pair of boots of flying (worn)
 D - a scarf of cloud immunity (worn)
 G - a +1 pair of gloves of dexterity (worn)
 L - the +2 ring mail of Music (worn) {+Blink rC+ rN++}
   (Okawaru gifted it to you on level 4 of the Lair of Beasts)

   It protects you from cold.
   It greatly protects you from negative energy.
   It lets you blink.
 M - the +1 hat of the First Shrikes (worn) {rPois MR++ Int+4}
   (Okawaru gifted it to you on level 4 of the Snake Pit)

   It affects your intelligence (+4).
   It protects you from poison.
   It affects your resistance to hostile enchantments.
 N - +0 gold dragon scales
 R - a +0 shield of cold resistance
Magical Staves
 P - an uncursed staff of earth
Jewellery
 a - an uncursed ring of fire
 h - a +5 ring of dexterity (left hand)
 o - an uncursed amulet of magic regeneration
 q - an uncursed ring of see invisible
 r - a +4 ring of protection
 y - an amulet of faith (around neck)
 J - a +5 ring of slaying (right hand)
Wands
 t - a wand of iceblast (7/15)
 w - a wand of iceblast (3/15)
 I - a wand of paralysis (2/24)
 S - a wand of digging (9/24)
 V - a wand of iceblast (1/15)
 W - a wand of disintegration (6/24)
Scrolls
 b - a scroll of holy word
 c - a scroll of silence
 j - 5 scrolls of remove curse
 n - 2 scrolls of teleportation
 v - 3 scrolls of enchant weapon
 x - 2 scrolls of magic mapping
 C - 11 scrolls of identify
 H - 4 scrolls of blinking
 K - 3 scrolls of fear
Potions
 e - 3 potions of agility
 g - a potion of magic
 i - 7 potions of curing
 k - 2 potions of cancellation
 l - 3 potions of might
 p - a potion of invisibility
 s - 2 potions of heal wounds
 A - a potion of haste
 F - a potion of resistance
Miscellaneous
 E - a fan of gales
Comestibles
 f - a bread ration
 u - 15 meat rations
 z - 25 royal jellies


   Skills:
 * Level 19.6(24.6) Fighting
 - Level 14.0(19.0) Staves
 - Level 2.0(7.0) Throwing
 + Level 18.1(23.1) Armour
 + Level 16.8(21.8) Dodging
 - Level 11.4(16.4) Shields
 - Level 14.1 Earth Magic
 - Level 12.5 Invocations
 - Level 14.8 Evocations


You had 18 spell levels left.
You knew the following spells:

 Your Spells              Type           Power        Failure   Level  Hunger
a - Sandblast             Erth           ####..       1%          1    ##.....
b - Passwall              Tmut/Erth      ##........   4%          2    ###....


Dungeon Overview and Level Annotations

Branches:
Dungeon (15/15)            Temple (1/1) D:5            Lair (6/6) D:10
  Swamp (4/4) Lair:4        Snake (4/4) Lair:4        Slime (0/5) Lair:6
    Orc (2/2) D:10            Elf (0/3) Orc:2        Vaults (5/5) D:14
  Crypt (0/3) Vaults:3     Depths (0/5) D:15

Altars:
Ashenzari
Cheibriados
Dithmenos
Elyvilon
Fedhas
Gozag
Hepliaklqana
Kikubaaqudgha
Makhleb
Nemelex Xobeh
Okawaru
Qazlal
Ru
Sif Muna
Trog
Uskayaw
Vehumet
Xom
Yredelemnul
Zin
The Shining One
Jiyva

Shops:
D:5 %   Orc:2 !:[[*   Snake:2 (*   Snake:3 [?!!   Vaults:1 *   Vaults:2 }(*
Vaults:4 *

Portals:
Trove: D:13 (give +5 demon whip)

Annotations:
Lair:4 exclusion: 2 oklob plants


Innate Abilities, Weirdness & Mutations

You reflexively headbutt those who attack you in melee.
You have a pair of horns on your head.


Message History

The lance of force hits you!
* * * LOW HITPOINT WARNING * * *
You are knocked back by the lance of force.
You slam into the metal wall!
* * * LOW HITPOINT WARNING * * *
As you read the scroll of teleportation, it crumbles to dust.
You feel strangely unstable.
You feel much better.
You hit the ancient lich but do no damage.
You headbutt the ancient lich, but do no damage.
The ancient lich is heavily damaged.
You barely miss the ancient lich.
You headbutt the ancient lich, but do no damage.
The ancient lich is heavily damaged.
The ancient lich points at you and mumbles some strange words.
The lance of force hits you!
* * * LOW HITPOINT WARNING * * *
You are knocked back by the lance of force.
You slam into the metal wall!
You die...

##.....##.....'[.).........#
###...###....)########'#####
##.....##.....##..........#
#..#[#..#.....##...[......#
#.##.##.'.....##...[......#
####.####.....##.}........#
#########.....##..........#
..............##......)...#
..............##@L...[>)..#
..............##..w..)[[..#
..............##.........(#
..............##.........†#
################..........#######
######## #.........[[......
#......# #..........'.(....
#......# ############......
#...<..# #......


You could see an ancient lich (invisible) and a torpor snail shaped shifter.

Vanquished Creatures
  Bai Suzhen (Vaults:3)
  Saint Roka (Orc:2)
  A golden dragon (shapeshifter) (Vaults:4)
  4 golden dragons
  Nikola (Swamp:2)
  Jorgrun (Swamp:4)
  A tentacled monstrosity (Vaults:4)
  Asterion (Vaults:1)
  Frances (D:12)
  Gastronok (D:8)
  Kirke (Lair:6)
  A storm dragon (Vaults:3)
  Roxanne (Snake:3)
  3 shadow dragons
  6 thorn hunters
  19 nagarajas
  The ghost of zkobry the Covert, an adept HaAE of Okawaru (Swamp:4)
  2 tengu reavers (Vaults:4)
  2 fire giants
  11 vault wardens
  12 ironheart preservers
  Aizul (Snake:1)
  2 very ugly things (Vaults:4)
  7 stone giants
  Nessos (D:13)
  A deep elf demonologist (Vaults:4)
  Azrael (D:15)
  3 ettins
  3 fire dragons
  The ghost of Ge0ff the Thaumaturge, a journeyman DrVM of Vehumet (D:11)
  A fire dragon (shapeshifter) (Vaults:2)
  14 ogre magi
  A minotaur (Lab)
  A rakshasa (Vaults:2)
  7 yaktaur captains
  28 vault guards
  Harold (D:11)
  18 hydras
  4 ice dragons
  27 naga warriors
  The ghost of Nydiazath the Unseen, a journeyman SpEn of Okawaru (D:13)
  8 anacondas
  Erica (D:8)
  5 ghost crabs
  7 centaur warriors
  33 two-headed ogres
  2 tengu warriors
  7 alligators
  A deep troll shaman (Vaults:1)
  2 death knights (Vaults:4)
  11 death yaks
  Urug (D:12)
  Nergalle (D:12)
  31 naga sharpshooters
  7 shock serpents
  8 spriggans
  2 orc high priests
  5 deep elf knights
  A hell knight (D:15)
  The ghost of KoningWillie the Slasher, a novice CeFi of the Shining One (D:10)
  6 salamander mystics
  Sonja (Orc:2)
  3 sea snakes (Snake:1)
  3 shadow wraiths
  A flayed ghost (Vaults:4)
  15 skeletal warriors
  8 swamp dragons
  9 shambling mangroves
  5 spriggan druids
  3 unseen horrors
  3 deep trolls (Vaults:1)
  5 deep elf archers
  11 naga ritualists
  9 wizards
  8 ironbrand convokers
  A harpy (Vaults:4)
  3 necromancers
  6 orc knights
  A wolf spider zombie (D:10)
  12 deep elf magi
  The ghost of monokles the Skirmisher, a novice DsGl of Makhleb (D:8)
  2 phantasmal warriors (Vaults:4)
  30 ugly things
  3 wolf spiders
  14 mana vipers
  2 manticores
  5 orc sorcerers (Orc:2)
  A cyclops (shapeshifter) (Vaults:2)
  19 salamanders
  30 slime creatures
  3 elephants (Lair:4)
  4 cyclopes
  A guardian serpent (shapeshifter) (Vaults:4)
  A human skeleton (Vaults:1)
  32 naga magi
  53 black mambas
  A torpor snail (Lair:2)
  7 guardian serpents
  2 centaur skeletons
  35 spiny frogs
  17 vault sentinels
  A gargoyle (D:12)
  A spiny frog (shapeshifter) (Vaults:2)
  A rime drake (Lair:1)
  30 yaktaurs
  5 freezing wraiths
  7 kobold demonologists
  5 komodo dragons
  A queen bee (D:11)
  2 tengu conjurers
  3 polar bears
  3 meliai (D:15)
  7 trolls
  9 tyrant leeches
  A meliai (shapeshifter) (Vaults:2)
  A merfolk (D:11)
  24 hornets
  5 bog bodies
  A raiju (shapeshifter) (D:15)
  A dream sheep (shapeshifter) (Vaults:2)
  A blink frog (shapeshifter) (Vaults:4)
  Prince Ribbit (D:8)
  7 hippogriffs
  A hippogriff (shapeshifter) (Vaults:1)
  33 blink frogs
  Sigmund (D:2)
  3 shadows
  An ettin skeleton (Vaults:1)
  3 basilisks
  5 wraiths
  4 wyverns
  2 hogs (Lair:6)
  A human (shapeshifter) (Vaults:4)
  A fire elemental (D:15)
  27 yaks
  21 humans
  A hog (shapeshifter) (Vaults:3)
  A redback simulacrum (D:14)
  2 hungry ghosts (D:10)
  A steam dragon (Lair:4)
  28 vampire mosquitoes
  22 insubstantial wisps
  24 swamp worms
  6 wargs
  An ogre zombie (Vaults:1)
  106 nagas
  2 soldier ants
  3 hell hounds (D:15)
  4 acid dragons
  10 water moccasins
  8 porcupines
  5 ice beasts
  3 sky beasts
  15 swamp drakes
  41 orc warriors
  29 ogres
  2 black bears
  An eye of draining (D:12)
  A necrophage (D:8)
  4 phantoms
  5 wolves (Lair:3)
  23 centaurs
  8 boggarts
  5 big kobolds
  11 crocodiles
  24 bullfrogs
  3 scorpions
  A water moccasin skeleton (D:12)
  2 human simulacra (Vaults:1)
  31 killer bees
  4 electric eels (Snake:1)
  A vampire bat (Lair:1)
  2 howler monkeys
  A bullfrog zombie (D:12)
  6 crimson imps
  10 hounds
  6 jellies
  4 centaur zombies
  3 quasits
  34 orc priests
  43 orc wizards
  Natasha (thrice) (D:3)
  6 iguanas
  12 worker ants
  A killer bee zombie (D:10)
  3 hound zombies
  A hound skeleton (D:6)
  8 mummies (Ossuary)
  A worker ant zombie (D:11)
  8 gnolls
  11 adders
  2 river rats (D:10)
  3 shadow imps
  2 oozes
  An adder skeleton (D:4)
  An adder zombie (D:5)
  2 worms (D:2)
  2 dart slugs (D:1)
  3 leopard geckos
  111 orcs
  A ball python (D:4)
  9 giant cockroaches
  10 goblins
  5 hobgoblins
  7 jackals
  27 kobolds
  3 quokkas
  16 bats
  7 frilled lizards
  2 gnoll zombies (Ossuary)
  A hobgoblin zombie (Ossuary)
  4 kobold zombies (Ossuary)
  An orc zombie (Ossuary)
  8 rats
  A briar patch (Swamp:2)
1755 creatures vanquished.

Vanquished Creatures (others)
  A hydra (Swamp:4)
  A deep elf mage (Vaults:3)
  A yaktaur (Vaults:3)
  An ogre (Vaults:3)
  A centaur (Vaults:3)
  A jackal (D:11)
  2 kobolds (D:11)
  A briar patch (Swamp:4)
  21 fungi
  66 plants
96 creatures vanquished.

Grand Total: 1851 creatures vanquished

Notes
Turn   | Place    | Note
-------+----------+-------------------------------------------
     0 | D:1      | panurg the Minotaur Gladiator began the quest for the Orb.
     0 | D:1      | Reached XP level 1. HP: 18/18 MP: 0/0
   178 | D:1      | Reached XP level 2. HP: 25/25 MP: 1/1
   625 | D:1      | Reached XP level 3. HP: 30/30 MP: 2/2
   637 | D:1      | Reached skill level 3 in Fighting
  1438 | D:2      | Reached XP level 4. HP: 36/38 MP: 3/3
  1462 | D:2      | Found a sacrificial altar of Ru.
  1799 | D:2      | Noticed Sigmund
  1809 | D:2      | Killed Sigmund
  1809 | D:2      | Reached skill level 4 in Fighting
  1809 | D:2      | Reached skill level 5 in Staves
  1809 | D:2      | Reached XP level 5. HP: 42/46 MP: 4/4
  2150 | D:3      | Reached XP level 6. HP: 52/52 MP: 5/5
  2171 | D:3      | Found a burning altar of Makhleb.
  2557 | D:3      | Noticed Natasha
  2562 | D:3      | Killed Natasha
  2852 | D:3      | Noticed Natasha
  2861 | D:3      | Killed Natasha
  2939 | D:3      | Found a burning altar of Makhleb.
  3184 | D:3      | Noticed Natasha
  3190 | D:3      | Killed Natasha
  3587 | D:4      | Reached XP level 7. HP: 58/60 MP: 6/6
  3626 | D:4      | Found a sand-covered staircase.
  3633 | Ossuary  | Entered an ossuary
  3657 | Ossuary  | Reached skill level 5 in Dodging
  4212 | D:4      | Reached skill level 5 in Fighting
  4536 | D:5      | Entered Level 5 of the Dungeon
  4560 | D:5      | Found a staircase to the Ecumenical Temple.
  4566 | Temple   | Entered the Ecumenical Temple
  4573 | Temple   | Became a worshipper of Warmaster Okawaru
  4742 | D:5      | Found a hide-covered altar of Uskayaw.
  4764 | D:5      | Found Hedih's Food Emporium.
  5114 | D:6      | Reached skill level 1 in Invocations
  5120 | D:6      | Reached XP level 8. HP: 67/69 MP: 6/8
  5158 | D:6      | Found a stormy altar of Qazlal.
  5186 | D:6      | Reached * piety under Okawaru
  5459 | D:6      | Reached skill level 5 in Armour
  5667 | D:7      | Noticed a hippogriff
  5680 | D:7      | Killed a hippogriff
  5680 | D:7      | Reached skill level 6 in Fighting
  5772 | D:7      | Got an ichor-stained leather armour
  5783 | D:7      | Identified the +1 leather armour of Broken Taboos {Str+7 Dex-2 SInv} (You found it on level 7 of the Dungeon)
  5892 | D:7      | Reached ** piety under Okawaru
  6279 | D:8      | Noticed monokles's ghost (novice DsGl)
  6366 | D:8      | Killed monokles's ghost
  6366 | D:8      | Reached skill level 7 in Fighting
  6366 | D:8      | Reached skill level 10 in Staves
  6366 | D:8      | Reached XP level 9. HP: 49/79 MP: 5/9
  6614 | D:8      | Noticed Gastronok
  6632 | D:8      | Killed Gastronok
  6632 | D:8      | Reached *** piety under Okawaru
  6632 | D:8      | Reached **** piety under Okawaru
  6632 | D:8      | Reached skill level 8 in Fighting
  6632 | D:8      | Reached XP level 10. HP: 57/90 MP: 5/10
  6800 | D:8      | Reached skill level 9 in Fighting
  6811 | D:8      | Reached ***** piety under Okawaru
  6888 | D:8      | Noticed a two-headed ogre
  6897 | D:8      | Killed a two-headed ogre
  7090 | D:8      | Learned a level 1 spell: Sandblast
  7099 | D:8      | Noticed Prince Ribbit
  7116 | D:8      | Killed Prince Ribbit
  7154 | D:8      | Noticed Erica
  7167 | D:8      | Killed Erica
  7167 | D:8      | Received a gift from Okawaru
  7167 | D:8      | Reached skill level 1 in Earth Magic
  7167 | D:8      | Reached skill level 1 in Evocations
  7679 | D:8      | Reached skill level 10 in Fighting
  8653 | D:9      | Reached XP level 11. HP: 100/100 MP: 12/12
  9054 | D:10     | Entered Level 10 of the Dungeon
  9082 | D:10     | Noticed a two-headed ogre
  9268 | D:10     | Killed a two-headed ogre
  9268 | D:10     | Received a gift from Okawaru
  9486 | D:10     | Noticed a death yak
  9487 | D:10     | Noticed a death yak
  9488 | D:10     | Found a staircase to the Lair.
  9491 | D:10     | Noticed a death yak
  9505 | D:10     | Killed a death yak
  9511 | D:10     | Killed a death yak
  9804 | D:10     | Found a staircase to the Orcish Mines.
  9950 | D:10     | Noticed a two-headed ogre
  9967 | D:10     | Killed a two-headed ogre
 10201 | D:10     | Reached skill level 11 in Fighting
 10246 | D:10     | Killed a death yak
 10250 | D:10     | Reached skill level 5 in Invocations
 10662 | D:10     | Noticed KoningWillie's ghost (novice CeFi)
 10670 | D:10     | Killed KoningWillie's ghost
 10909 | Lair:1   | Entered Level 1 of the Lair of Beasts
 11181 | D:11     | Reached ****** piety under Okawaru
 11186 | D:11     | Noticed Harold
 11209 | D:11     | Killed Harold
 11209 | D:11     | Reached XP level 12. HP: 72/111 MP: 5/15
 11332 | D:11     | Noticed a two-headed ogre
 11340 | D:11     | Killed a two-headed ogre
 11485 | D:11     | Noticed Ge0ff's ghost (journeyman DrVM)
 11498 | D:11     | Killed Ge0ff's ghost
 11589 | D:11     | Reached skill level 12 in Fighting
 11820 | D:11     | Received a gift from Okawaru
 11959 | D:11     | Noticed a two-headed ogre
 11968 | D:11     | Killed a two-headed ogre
 12384 | D:11     | Reached skill level 10 in Armour
 12490 | D:12     | Noticed Frances
 12504 | D:12     | Killed Frances
 12631 | D:12     | Noticed a two-headed ogre
 12645 | D:12     | Killed a two-headed ogre
 12674 | D:12     | Noticed Nergalle
 13647 | Lair:1   | Reached XP level 13. HP: 64/119 MP: 3/16
 14092 | Lair:2   | Received a gift from Okawaru
 14253 | Lair:2   | Reached skill level 13 in Fighting
 14303 | Lair:2   | Reached skill level 10 in Dodging
 15377 | Lair:3   | Reached skill level 5 in Evocations
 15842 | Lair:4   | Found a staircase to the Swamp.
 15879 | Lair:4   | Received a gift from Okawaru
 15880 | Lair:4   | Got a slimy ring mail {god gift}
 15894 | Lair:4   | Identified the +2 ring mail of Music {+Blink rC+ rN++} (Okawaru gifted it to you on level 4 of the Lair of Beasts)
 16179 | Lair:4   | Found a labyrinth entrance.
 16185 | Lab      | Entered a labyrinth
 16696 | Lab      | Noticed a minotaur
 16711 | Lab      | Killed a minotaur
 16711 | Lab      | Reached skill level 5 in Earth Magic
 17778 | Lair:4   | Found a staircase to the Snake Pit.
 18608 | Lair:5   | Received a gift from Okawaru
 18609 | Lair:5   | Got a warped hunting sling {god gift}
 19347 | Lair:6   | Entered Level 6 of the Lair of Beasts
 19796 | Lair:5   | Reached XP level 14. HP: 98/130 MP: 17/17
 20134 | Lair:6   | Found a viscous altar of Jiyva.
 20134 | Lair:6   | Found a staircase to the Slime Pits.
 20172 | Lair:6   | Reached skill level 14 in Fighting
 20382 | Lair:6   | Noticed Kirke
 21073 | Lair:6   | Received a gift from Okawaru
 22081 | Lair:6   | Received a gift from Okawaru
 22396 | Lair:6   | Killed Kirke
 22620 | Snake:1  | Entered Level 1 of the Snake Pit
 23190 | Snake:1  | Received a gift from Okawaru
 23191 | Snake:1  | Got a bronze scale mail {god gift}
 23208 | Snake:1  | Identified the +1 scale mail "Rieroklu" {rPois Regen+ Dex+6} (Okawaru gifted it to you on level 1 of the Snake Pit)
 23442 | Snake:1  | Noticed Aizul
 23466 | Snake:1  | Killed Aizul
 23854 | Snake:1  | Reached XP level 15. HP: 68/139 MP: 17/19
 24260 | Snake:1  | HP: 3/139 [naga sharpshooter/arrow (17)]
 24473 | Snake:1  | Reached skill level 15 in Fighting
 24948 | D:12     | Killed Nergalle
 25178 | Snake:2  | Noticed a nagaraja
 25191 | Snake:2  | Received a gift from Okawaru
 25500 | Snake:2  | Received a gift from Okawaru
 25605 | Snake:2  | Found Gezug's Goods Gallery.
 25803 | Snake:2  | Received a gift from Okawaru
 25861 | Snake:2  | Found Nineuty's Antique Weapon Boutique.
 25891 | Snake:2  | Killed a nagaraja
 27296 | Snake:3  | Received a gift from Okawaru
 27338 | Snake:3  | Found a white marble altar of Elyvilon.
 27418 | Snake:3  | Reached XP level 16. HP: 75/150 MP: 15/21
 27753 | Snake:3  | Found Gojis's Distillery.
 27756 | Snake:3  | Found Caod's Distillery.
 27756 | Snake:3  | Found Bum Beys's Armour Shoppe.
 27761 | Snake:3  | Found Dishraste's Magic Scroll Shoppe.
 27772 | Snake:3  | Bought a potion of heal wounds for 75 gold pieces
 27815 | Snake:3  | Noticed Roxanne
 28755 | Snake:3  | Killed Roxanne
 28756 | Snake:3  | Identified Roxanne's Guide on the Mountains (You took it off Roxanne on level 3 of the Snake Pit)
 28761 | Snake:3  | Learned a level 2 spell: Passwall
 28805 | Snake:4  | Entered Level 4 of the Snake Pit
 28812 | Snake:4  | Reached skill level 16 in Fighting
 29437 | Snake:4  | Received a gift from Okawaru
 29438 | Snake:4  | Got a brightly glowing hat {god gift}
 29559 | Snake:3  | Identified the +1 hat of the First Shrikes {rPois MR++ Int+4} (Okawaru gifted it to you on level 4 of the Snake Pit)
 29923 | Snake:4  | Found a hazy altar of Hepliaklqana.
 30058 | Snake:4  | Reached skill level 10 in Evocations
 30239 | Snake:4  | Reached skill level 15 in Armour
 30550 | Snake:4  | Reached skill level 10 in Earth Magic
 30607 | Snake:4  | Received a gift from Okawaru
 30607 | Snake:4  | Reached XP level 17. HP: 150/160 MP: 15/23
 31359 | Snake:4  | Received a gift from Okawaru
 31394 | Snake:4  | Reached skill level 17 in Fighting
 32287 | Snake:4  | Reached skill level 15 in Dodging
 32476 | Snake:4  | Got a serpentine rune of Zot
 32842 | Snake:4  | Received a gift from Okawaru
 33232 | Swamp:1  | Entered Level 1 of the Swamp
 33298 | Swamp:1  | Reached skill level 1 in Shields
 33644 | Swamp:1  | Received a gift from Okawaru
 33900 | Swamp:2  | Reached XP level 18. HP: 130/170 MP: 25/25
 35061 | Swamp:2  | Paralysed by a hornet for 3 turns
 35423 | Swamp:3  | Noticed Nikola
 35437 | Swamp:2  | Killed Nikola
 35437 | Swamp:2  | Received a gift from Okawaru
 35443 | Swamp:2  | Got a faintly humming chain mail {god gift}
 35454 | Swamp:2  | Identified the +4 chain mail of Anyduev {Stlth+} (Okawaru gifted it to you on level 2 of the Swamp)
 35755 | Swamp:3  | Paralysed by a hornet for 3 turns
 36667 | Swamp:3  | Reached skill level 18 in Fighting
 36667 | Swamp:3  | Reached skill level 5 in Shields
 37008 | Swamp:4  | Entered Level 4 of the Swamp
 37434 | Swamp:4  | Noticed zkobry's ghost (adept HaAE)
 37444 | Swamp:4  | Killed zkobry's ghost
 37482 | Swamp:4  | Noticed Jorgrun
 37605 | Swamp:4  | Killed Jorgrun
 37666 | Swamp:4  | Received a gift from Okawaru
 37783 | Swamp:4  | Received a gift from Okawaru
 38325 | Swamp:4  | Reached XP level 19. HP: 138/180 MP: 19/27
 38355 | Swamp:4  | Got a decaying rune of Zot
 38911 | Orc:1    | Entered Level 1 of the Orcish Mines
 39044 | Orc:2    | Entered Level 2 of the Orcish Mines
 39046 | Orc:2    | Noticed Sonja
 39090 | Orc:2    | Killed Sonja
 39217 | Orc:2    | Found Fofuki Apse's Assorted Antiques.
 39311 | Orc:2    | Found a staircase to the Elven Halls.
 39441 | Orc:2    | Noticed Saint Roka
 39868 | Orc:2    | Killed Saint Roka
 40164 | Orc:2    | Found Fiabbuv's Armour Shop.
 40164 | Orc:2    | Found Imosirch's Armour Shop.
 40166 | Orc:2    | Found Pehec's Distillery.
 40263 | Orc:2    | Found Xuaxte's Book Boutique.
 40267 | Orc:2    | Bought a potion of heal wounds for 55 gold pieces
 40267 | Orc:2    | Bought a potion of heal wounds for 55 gold pieces
 40267 | Orc:2    | Bought a potion of heal wounds for 55 gold pieces
 40614 | Orc:1    | Found a radiant altar of Vehumet.
 41124 | D:12     | Found a shimmering altar of Xom.
 41124 | D:12     | Found a shimmering altar of Xom.
 41124 | D:12     | Found a shimmering altar of Xom.
 41125 | D:12     | Found a shimmering altar of Xom.
 41125 | D:12     | Found a shimmering altar of Xom.
 41126 | D:12     | Found a shimmering altar of Xom.
 41159 | D:12     | Found a shimmering altar of Xom.
 41160 | D:12     | Found a shimmering altar of Xom.
 41339 | D:12     | Noticed Urug
 41345 | D:12     | Killed Urug
 41537 | D:13     | Noticed Nydiazath's ghost (journeyman SpEn)
 41546 | D:13     | Killed Nydiazath's ghost
 41772 | D:13     | Noticed Nessos
 41792 | D:13     | Killed Nessos
 42201 | D:13     | Found a portal to a secret trove of treasure.
 42321 | D:13     | You are sucked into a shaft!
 42675 | D:14     | Received a gift from Okawaru
 42962 | D:14     | Found a gate to the Vaults.
 43607 | D:15     | Entered Level 15 of the Dungeon
 43607 | D:15     | Noticed Azrael
 43613 | D:15     | Killed Azrael
 43808 | D:15     | Received a gift from Okawaru
 44288 | D:15     | Identified a scroll of acquirement
 44379 | D:15     | Found a staircase to the Depths.
 44846 | Vaults:1 | Entered Level 1 of the Vaults
 45694 | Vaults:1 | Received a gift from Okawaru
 45778 | Vaults:1 | Found Kajueh's Assorted Antiques.
 45784 | Vaults:1 | Noticed Asterion
 45799 | Vaults:1 | Killed Asterion
 46090 | Vaults:1 | Reached XP level 20. HP: 141/189 MP: 23/28
 47391 | Vaults:2 | Received a gift from Okawaru
 47988 | Vaults:2 | Found Idwynet's Assorted Antiques.
 48393 | Vaults:2 | Found Bohoh's Weapon Shoppe.
 48822 | Vaults:2 | Reached skill level 10 in Shields
 49439 | Vaults:2 | Found Puhiduy's Gadget Emporium.
 49467 | Vaults:2 | Received a gift from Okawaru
 50526 | Vaults:3 | Noticed Bai Suzhen
 50555 | Vaults:3 | Killed Bai Suzhen
 50569 | Vaults:3 | Received a gift from Okawaru
 50570 | Vaults:3 | Got a warped scale mail {god gift}
 50602 | Vaults:3 | Identified the +0 scale mail "Nos Usm" {rCorr} (Okawaru gifted it to you on level 3 of the Vaults)
 50914 | Vaults:3 | Found a staircase to the Crypt.
 51199 | Vaults:3 | Reached XP level 21. HP: 173/195 MP: 30/30
 52448 | Vaults:4 | Found Ruunupp's Assorted Antiques.
 53046 | Vaults:4 | Received a gift from Okawaru
 53047 | Vaults:4 | Got a slimy lajatang {god gift}
 53077 | Vaults:4 | Identified the +10 lajatang "Waidgh" {slice, +Inv rC+ SInv} (Okawaru gifted it to you on level 4 of the Vaults)
 53265 | Vaults:4 | Reached skill level 10 in Invocations
 53700 | Vaults:5 | Entered Level 5 of the Vaults
 53730 | Vaults:5 | Noticed a golden dragon
 54415 | Vaults:4 | Received a gift from Okawaru
 54820 | Vaults:5 | Noticed a golden dragon
 54831 | Vaults:5 | Noticed a golden dragon
 56152 | Vaults:4 | Found Ruunupp's Assorted Antiques.
 56737 | Vaults:4 | Killed a golden dragon
 56851 | Vaults:4 | Reached skill level 19 in Fighting
 56921 | Vaults:4 | Noticed a juggernaut
 56921 | Vaults:4 | an acid blob changed into a juggernaut
 56925 | Vaults:4 | Noticed a shard shrike
 56925 | Vaults:4 | a juggernaut changed into a shard shrike
 56928 | Vaults:4 | a shard shrike changed into a titan
 56929 | Vaults:4 | Noticed a juggernaut
 56929 | Vaults:4 | a titan changed into a juggernaut
 56936 | Vaults:4 | Noticed a golden dragon
 56936 | Vaults:4 | a juggernaut changed into a golden dragon
 56939 | Vaults:4 | a golden dragon changed into a shadow dragon
 56941 | Vaults:4 | Noticed a golden dragon
 56941 | Vaults:4 | a shadow dragon changed into a golden dragon
 56944 | Vaults:4 | Killed a golden dragon
 57214 | Vaults:5 | Noticed a golden dragon
 57236 | Vaults:4 | Killed a golden dragon
 57236 | Vaults:4 | Received a gift from Okawaru
 57248 | Vaults:4 | Killed a golden dragon
 57248 | Vaults:4 | Reached XP level 22. HP: 136/206 MP: 29/32
 57260 | Vaults:4 | Received a gift from Okawaru
 57512 | Vaults:5 | Noticed an ancient lich
 57517 | Vaults:5 | Killed a golden dragon
 57538 | Vaults:4 | Collided with a metal wall

Skill      XL: |  1  2  3  4  5  6  7  8  9 10 11 12 13 14 15 16 17 18 19 20 21 22 |
---------------+-------------------------------------------------------------------+-----
Staves         | 4 5 6 8 10 12 14 | 14.0
Fighting       | 3 4 5 7 8 10 11 12 13 14 15 16 17 18 19 | 19.6
Dodging        | 4 5 6 8 9 11 12 13 14 15 16 | 16.8
Armour         | 2 3 4 6 8 10 11 13 14 15 16 17 18 | 18.1
Invocations    | 1 2 6 7 9 12 | 12.5
Earth Magic    | 2 4 5 7 8 10 11 12 13 14 | 14.1
Evocations     | 2 4 6 7 9 10 11 12 14 | 14.8
Shields        | 2 6 9 10 11 | 11.4
Throwing       | |  2.0

Action                   |  1- 3 |  4- 6 |  7- 9 | 10-12 | 13-15 | 16-18 | 19-21 | 22-24 || total
-------------------------+-------+-------+-------+-------+-------+-------+-------+-------++-------
Melee: Quarterstaff      |    97 |   131 |   187 |   576 |    18 |       |       |       ||  1009
       Headbutt          |     8 |    23 |    57 |   192 |   273 |   562 |   934 |    19 ||  2068
       Lajatang          |       |       |       |       |   966 |  1458 |   969 |    44 ||  3437
       Unarmed           |       |       |       |       |    17 |       |       |       ||    17
       Staff             |       |       |       |       |       |       |  1478 |       ||  1478
Invok: Heroism           |       |       |     2 |    15 |    35 |    47 |    37 |     1 ||   137
       Finesse           |       |       |       |     5 |    16 |    30 |    20 |     1 ||    72
Evoke: Wand              |       |       |       |     8 |       |     4 |     5 |       ||    17
  Use: Scroll            |       |    11 |     9 |     5 |     4 |     8 |    10 |     1 ||    48
       Potion            |       |       |       |    10 |     9 |     2 |     6 |     1 ||    28
 Stab: Sleeping          |       |       |     1 |     1 |     2 |       |     1 |       ||     5
       Distracted        |       |       |       |     1 |       |     1 |       |       ||     2
  Eat: Chunk             |     1 |     7 |     6 |    15 |    21 |     7 |    39 |       ||    96
       Royal jelly       |       |       |     1 |       |       |       |       |       ||     1
       Fruit             |       |       |     2 |     9 |    22 |     7 |     4 |       ||    44
       Bread ration      |       |       |       |       |     1 |     5 |     5 |       ||    11
Armor: Leather armour    |     7 |    10 |    35 |    81 |    12 |       |       |       ||   145
       Chain mail        |    49 |    29 |       |       |   118 |       |       |       ||   196
       Skin              |       |     1 |       |       |       |       |       |       ||     1
       Scale mail        |       |       |       |       |    63 |   123 |       |       ||   186
       Ring mail         |       |       |       |       |       |   170 |   283 |     8 ||   461
Dodge: Dodged            |    57 |    68 |    92 |   369 |   755 |  1529 |  1644 |    57 ||  4571
Block: Shield            |       |       |       |       |       |       |   622 |       ||   622
